nht, neutral male human Monk " ` . #### % ## # I # ## % ----I-----%--- |..2.>.%......## |............| |............. |............| |.......3..... ------..------ nht the Student of Stones Experience level: 10 Strength: 25 Dexterity: 15 Constitution: 13 Intelligence: 10 Wisdom: 12 Charisma: 9 Health: 0(77) Energy: 20(51) Def: 6 Gold: 1711 Moves: 2650 Dungeon seed: MQSRcbmHhPcMrD-h Game ID: nht_1457597503 Your Inventory: Coins $ - 1711 gold pieces Amulets O - the blessed Eye of the Aethiopica (being worn) Weapons k - 12 +0 shuriken (in quiver) Armor h - an uncursed +0 mummy wrapping m - an uncursed +0 helm of brilliance (being worn) n - an uncursed +1 robe (being worn) y - an uncursed +0 pair of gauntlets of power (being worn) E - a blessed +0 pair of elven boots (being worn) F - an uncursed +0 shield of reflection Comestibles l - an uncursed slime mold R - an uncursed lizard corpse Wands a - a wand of digging (0:7) g - a wand of cancellation (0:0) Tools b - an uncursed bag of holding i - a blessed oil lamp (lit) (0:911) t - an uncursed blindfold u - an uncursed magic whistle v - an uncursed lock pick z - a +0 unicorn horn M - a blessed oil lamp (0:1442) Q - an uncursed sack Contents of the bag of holding: a blessed +1 cloak of invisibility an uncursed +0 elven cloak an uncursed +2 pair of elven boots an uncursed +0 pair of elven boots an uncursed -2 pair of gauntlets of fumbling a cursed -3 pair of levitation boots 3 uncursed eucalyptus leaves 8 uncursed food rations 8 uncursed lumps of royal jelly 3 uncursed scrolls of blank paper 2 uncursed scrolls of earth an uncursed scroll of enchant armor 3 uncursed scrolls of identify a cursed scroll of identify an uncursed scroll of light an uncursed scroll of punishment a cursed scroll of punishment an uncursed scroll of remove curse 5 uncursed scrolls of teleportation an uncursed spellbook of cure sickness an uncursed spellbook of haste self a blessed spellbook of healing an uncursed spellbook of invisibility an uncursed spellbook of magic mapping an uncursed spellbook of magic missile an uncursed spellbook of remove curse an uncursed spellbook of restore ability an uncursed potion of extra healing an uncursed potion of gain energy an uncursed potion of healing 2 potions of holy water an uncursed potion of see invisible a cursed potion of see invisible a blessed potion of sleeping an uncursed potion of sleeping a cursed -1 ring of increase accuracy a blessed +2 ring of protection an uncursed ring of slow digestion a wand of create monster (0:13) a wand of create monster (0:10) a wand of enlightenment (0:14) a wand of enlightenment (0:3) a wand of locking (0:6) a cursed wand of magic missile (0:5) a cursed wand of magic missile (0:4) a wand of magic missile (0:0) a wand of magic missile (0:0) a wand of opening (0:7) an uncursed magic whistle an uncursed magic whistle a +0 pick-axe 6 uncursed tallow candles (0:200) an uncursed wax candle (0:400) an uncursed worthless piece of blue glass an uncursed worthless piece of green glass an uncursed worthless piece of orange glass 2 uncursed worthless pieces of red glass 3 uncursed worthless pieces of white glass an uncursed worthless piece of yellow glass 2 uncursed worthless pieces of yellowish brown glass Spells and supernatural/magical abilities: Name Level Category Fail Memory h - healing 1 healing 0% 87% W - pray for help -- divine ? -- Your skills at the end: Miscellaneous Skills martial arts [Expert] wands [Basic] Weapon Skills shuriken [Basic] Spellcasting Skills healing spells [Basic] Final Attributes: You were devoutly aligned. You were sleep resistant. You were poison resistant. You were magic-protected. You saw invisible. You were telepathic. You were warned. You had automatic searching. You were stealthy. You were fast. You are dead. Vanquished creatures: 2 orange dragons 5 baby orange dragons a vampire lord a vampire 7 ghosts a queen bee 2 hezrous a bone devil a large mimic a couatl 3 giant zombies an elf-lord a water demon a barbed devil a tengu an ochre jelly a chameleon a wraith an ettin zombie a horned devil a lizard 2 giant spiders an orc mummy a dwarf lord 2 water nymphs a black unicorn 2 apes 3 human zombies a baby crocodile 6 Uruk-hai an orc shaman a rock mole a gnome lord 2 gnomish wizards 2 gray oozes 5 elf zombies 2 ghouls a paper golem a giant ant a little dog a floating eye 5 dwarves 4 iguanas a centipede 2 orc zombies 4 dwarf zombies 3 werejackals 13 killer bees a coyote 2 hobbits an acid blob a gecko a hobgoblin a yellow mold 7 gnomes 3 gnome zombies 2 jackals a kobold 2 newts 3 grid bugs a lichen 6 kobold zombies 136 creatures vanquished. Voluntary challenges: You followed a strict vegan diet. You used a wielded weapon 5 times, starting on turn 1008. You read items or engraved 11 times, starting on turn 553. You never genocided any monsters. You never polymorphed an object. You never changed form. You used 1 wish, starting on turn 799. You wished for your your first artifact on turn 799. You never split a pudding. You never wrote Elbereth's name. You violated your moral code, losing 2 points of alignment, starting on turn 2459. You disabled loading bones files. Dungeon overview: The Dungeons of Doom: levels 1 to 24 Level 1 a fountain, a sink a long staircase Level 2 (armour!) an armor shop Level 3 stairs to The Gnomish Mines Level 4 an altar to Huan Ti, a fountain Level 5 Level 6 (junk!) a general store, an altar to Huan Ti Level 7 Level 8 (chauns) stairs to Sokoban Level 9 (chauns) Level 10 Level 11 Level 12 Level 13 (quest) Level 14 Level 15 Level 16 ( ) Level 17 Level 18 Level 19 (trices) Level 20 (fuckload of white dragons) Level 21 (wraiths) Level 22 Level 23 (orange dragons) <- You were here Level 24 (titandusa) The Gnomish Mines: levels 4 to 7 Level 4 stairs to The Dungeons of Doom Level 5 Level 6 many shops, a temple to Chih Sung-tzu, some fountains Level 7 Sokoban: Level 7 a magic chest stairs to The Dungeons of Doom History has recorded: On T:1 you entered the Dungeons of Doom to retrieve the Amulet of Yendor! On T:150 you reached level 2 of The Dungeons of Doom. On T:169 you reached level 3 of The Dungeons of Doom. On T:558 you reached level 4 of The Dungeons of Doom. On T:584 you reached level 1 of The Gnomish Mines. On T:592 you advanced to experience level 2. On T:610 you advanced to experience level 3. On T:628 you reached level 2 of The Gnomish Mines. On T:648 you advanced to experience level 4. On T:652 you reached level 3 of The Gnomish Mines. On T:671 you reached level 4 of The Gnomish Mines. On T:707 you entered the Minetown temple On T:707 you advanced to experience level 5. On T:799 you wished for "blessed fixed the eye of the aethiopica". On T:1023 you reached level 5 of The Dungeons of Doom. On T:1111 you reached level 6 of The Dungeons of Doom. On T:1260 you advanced to experience level 6. On T:1439 you reached level 7 of The Dungeons of Doom. On T:1529 you reached level 8 of The Dungeons of Doom. On T:1698 you reached level 4 of Sokoban. On T:1812 you reached level 9 of The Dungeons of Doom. On T:1825 you reached level 10 of The Dungeons of Doom. On T:1847 you reached level 11 of The Dungeons of Doom. On T:1854 you advanced to experience level 7. On T:1874 you reached level 12 of The Dungeons of Doom. On T:1936 you advanced to experience level 8. On T:1957 you reached level 13 of The Dungeons of Doom. On T:1975 you reached level 14 of The Dungeons of Doom. On T:1997 you reached level 15 of The Dungeons of Doom. On T:2014 you reached level 16 of The Dungeons of Doom. On T:2165 you reached level 17 of The Dungeons of Doom. On T:2182 you reached level 18 of The Dungeons of Doom. On T:2204 you reached level 19 of The Dungeons of Doom. On T:2226 you reached level 20 of The Dungeons of Doom. On T:2242 you reached level 21 of The Dungeons of Doom. On T:2253 you reached level 22 of The Dungeons of Doom. On T:2362 you advanced to experience level 9. On T:2448 you advanced to experience level 10. On T:2563 you reached level 23 of The Dungeons of Doom. On T:2567 you reached level 24 of The Dungeons of Doom. Score breakdown: Gold: 1711 ( 171 points) Experience: 10 levels ( 900 points) Exploration: 24 levels ( 690 points) Discoveries: 13 items ( 650 points) Variety of kills: 62 monsters ( 2000 points) Major goal: reached Minetown ( 500 points) Survival: died (score multiplied by 3) Total score: 14733 Latest messages: You put an uncursed wand of magic missile into the bag called holding. You put a wand of enlightenment (0:3) into the bag called holding. You put an uncursed wand of enlightenment into the bag called holding. You put a wand of magic missile into the bag called holding. You put a wand of locking into the bag called holding. You put a wand of create monster into the bag called holding. You put a wand of magic missile (0:0) into the bag called holding. You put an uncursed pick-axe into the bag called holding. You put 6 uncursed candles into the bag called holding. You put an uncursed candle into the bag called holding. You put an uncursed magic whistle into the bag called holding. (2x) You strike the pit viper! The pit viper bites! (2x) You faint from lack of food. Something bites! (25x) You die... Final status: Goodbye nht the Monk, killed by a baby orange dragon, while fainted from lack of food... You died in The Dungeons of Doom on dungeon level 23 with 14733 points, and 1711 pieces of gold, after 2650 moves. You were level 10 with a maximum of 77 hit points when you died.